 Dungeon Crawl Stone Soup version 0.31-a0-313-g785cd24033 (webtiles) character file.

Game seed: 6922343287719471497

656 Dirash the Conjurer (level 7, 0/53 HPs)
             Began as a White Draconian Conjurer on July 18, 2023.
             Was an Initiate of Ashenzari.
             Slain by an ogre
             ... wielding a +0 giant club
              (20 damage)
             ... on level 5 of the Dungeon.
             The game lasted 00:26:20 (3625 turns).

Dirash the Conjurer (White Draconian Conjurer)      Turns: 3625, Time: 00:26:20

Health: 0/53       AC:  9    Str: 14    XL:     7   Next: 29%
Magic:  11/18      EV: 12    Int: 25    God:    Ashenzari [......]
Gold:   237        SH:  0    Dex: 11    Spells: 12/13 levels left

rFire   + . .        b - +6 Majin-Bo {spellvamp, MP+6 Int+6}
rCold   + + .        (no shield)
rNeg    . . .        (body armour unavailable)
rPois   .            q - +2 hat of Kleptomania {Rampage rC++ Str+5}
rElec   .            (no cloak)
rCorr   .            u - +0 pair of gloves
SInv    .            (no boots)
Will    .....        w - amulet of regeneration
Stlth   ++           k - ring of fire
HPRegen 1.08/turn    m - +4 ring of slaying
MPRegen 0.16/turn

%: rampage
@: no status effects
A: breathe frost, AC +6, unfitting armour, cold resistance 1, cold-blooded
a: Breathe Frost, Renounce Religion, Curse Item


You were on level 5 of the Dungeon.
You worshipped Ashenzari.
Ashenzari was noncommittal.
You visited 1 branch of the dungeon, and saw 5 of its levels.

You collected 237 gold pieces.

Inventory:

Hand Weapons
 b - the +6 Majin-Bo (weapon) {spellvamp, MP+6 Int+6}
   (You acquired it on level 1 of the Dungeon)

   Int:       It affects your intelligence (+6).
   MP:        It affects your magic capacity (+6).
 d - a +0 dagger
 h - a +0 hand axe
 o - a +0 hand axe
 t - a +0 trident
 x - a +0 flail
 y - a +0 spear
 z - a +0 flail of holy wrath
Missiles
 c - 6 atropa-tipped darts
 e - 76 stones
 l - 9 boomerangs
 n - 4 silver javelins
 v - 7 poisoned darts
Armour
 g - a +0 leather armour
 i - a +1 chain mail
 p - a +0 robe
 q - the +2 hat of Kleptomania (worn) {Rampage rC++ Str+5}
   (You acquired it on level 3 of the Dungeon)

   Str:       It affects your strength (+5).
   rC:        It greatly protects you from cold.
   Rampage:   It bestows one free step when moving towards enemies.
 u - a +0 pair of gloves (worn)
Jewellery
 k - a ring of fire (left hand)
 m - a +4 ring of slaying (right hand)
 w - an amulet of regeneration (around neck)
Talismans
 B - a maw talisman
Wands
 a - a wand of flame (14) (quivered)
 G - a wand of paralysis (10)
Scrolls
 C - a scroll of teleportation
 D - a scroll of revelation
 F - a scroll of enchant weapon {unknown}
Potions
 f - a potion of haste {unknown}
 j - 3 potions of heal wounds {unknown}
 r - a potion of enlightenment {unknown}
 s - a potion of cancellation {unknown}
 A - a potion of curing {unknown}
 E - a potion of degeneration {unknown}


   Skills:
 + Level 1.9 Fighting
 + Level 3.3 Staves
 + Level 2.7 Dodging
 + Level 3.4 Stealth
 + Level 0.4 Unarmed Combat
 + Level 3.5 Spellcasting
 + Level 6.0 Conjurations


You had 12 spell levels left.
You knew the following spells:

 Your Spells              Type           Power      Damage    Failure   Level
a - Magic Dart            Conj           100%       1d8       1%          1

Your spell library contained the following spells:

 Spells                   Type           Power      Damage    Failure   Level
 Searing Ray              Conj           68%        2d6       1%          2
 Dazzling Flash           Conj/Hex       38%        N/A       9%          3
 Fulminant Prism          Conj/Hex       9%         3d7       28%         4
 Iskenderun's Mystic Bla  Conj/Tloc      19%        2d6       28%         4
 Summon Forest            Summ/Tloc      2%         N/A       95%         5
 Summon Mana Viper        Hex/Summ       4%         N/A       95%         5
 Summon Cactus Giant      Summ           2%         N/A       100%        6


Dungeon Overview and Level Annotations

Branches:
Dungeon (5/15)             Temple (0/1) D:5

Altars:
Ashenzari
Ru

Annotations:
D:5 1 runed translucent door


Innate Abilities, Weirdness & Mutations

You can breathe waves of freezing cold which knock back foes.
Your icy white scales are hard. (AC +6)
You cannot fit into any form of body armour.
Your flesh is cold resistant. (rC+)
You are cold-blooded and may be slowed by cold attacks.


Message History

Aiming: Magic Dart (safe; 1% risk of failure)
Press: ? - help, Shift-Dir - straight line, f/p - ogre
Aim: an ogre, wielding a +0 giant club (lightly wounded, 100% to hit)
The magic dart hits the ogre.
You feel better.
The ogre is moderately wounded.
Casting: Magic Dart (safe; 1% risk of failure)
Confirm with . or Enter, or press ? or * to list all spells.
Aiming: Magic Dart (safe; 1% risk of failure)
Press: ? - help, Shift-Dir - straight line, f/p - ogre
Aim: an ogre, wielding a +0 giant club (moderately wounded, 100% to hit)
The magic dart hits the ogre.
You feel better.
The ogre is moderately wounded.
The ogre hits you with a +0 giant club!
Casting: Magic Dart (safe; 1% risk of failure)
Confirm with . or Enter, or press ? or * to list all spells.
Aiming: Magic Dart (safe; 1% risk of failure)
Press: ? - help, Shift-Dir - straight line, f/p - ogre
Aim: an ogre, wielding a +0 giant club (moderately wounded, 100% to hit)
The magic dart hits the ogre!
You feel better.
The ogre is heavily wounded.
The ogre barely misses you.
Casting: Magic Dart (safe; 1% risk of failure)
Confirm with . or Enter, or press ? or * to list all spells.
Aiming: Magic Dart (safe; 1% risk of failure)
Press: ? - help, Shift-Dir - straight line, f/p - ogre
Aim: an ogre, wielding a +0 giant club (heavily wounded, 100% to hit)
The magic dart hits the ogre.
You feel better.
The ogre is severely wounded.
Casting: Magic Dart (safe; 1% risk of failure)
Confirm with . or Enter, or press ? or * to list all spells.
Aiming: Magic Dart (safe; 1% risk of failure)
Press: ? - help, Shift-Dir - straight line, f/p - ogre
Aim: an ogre, wielding a +0 giant club (severely wounded, 100% to hit)
The magic dart hits the ogre.
You feel better.
The ogre is almost dead.
The ogre hits you with a +0 giant club!!
Ouch! That really hurt!
The ogre attacks as you move away!
The ogre hits you with a +0 giant club!!
You die...

.#####.#.......#†.........#
....##.####...............#
..#.##.# #...............#
..#...># #..........######
######## #..........#
...#########.###########***
................).......,,*
#.....######.#..........,,*
#..##...........@O......,,*
#.##*#######..####.#####******
####**,*** #..# *,..,,,,,,,,*
#*.##,,,,**#..# *,,...,,,,,,*
#!.§#*,,,,*#..#***,,,...,,,,,*
#K.§§§,,,**#..,,,,,,,,..,,,,,*
#!§§#*,_,,,+..,,***,,,,.,,,,,*
#*§##,,,,,,+,,*,* *,,,,,,,,,,*
**#*,,,,,*****,***,,,,,,,,,,*


You could see an ogre.

Vanquished Creatures
  A water moccasin (D:3)
  An ogre (D:5)
  A howler monkey (D:5)
  2 orc priests
  2 hounds
  2 iguanas
  An orc wizard (D:3)
  Terence (D:3)
  6 gnolls
  6 adders
  An ufetubus (D:4)
  2 worms
  2 dart slugs (D:4)
  17 orcs
  6 ball pythons
  5 endoplasms
  2 giant cockroaches (D:1)
  8 goblins
  6 hobgoblins
  2 quokkas
  4 bats
  2 frilled lizards
  6 kobolds
  4 rats
90 creatures vanquished.

Notes
Turn   | Place    | Note
-------+----------+-------------------------------------------
     0 | D:1      | Dirash the Draconian Conjurer began the quest for the Orb.
     0 | D:1      | Reached XP level 1. HP: 14/14 MP: 3/3
   143 | D:1      | Identified a scroll of acquirement
   143 | D:1      | Acquired the +6 Majin-Bo {spellvamp, MP+6 Int+6}
   143 | D:1      | Found the +6 Majin-Bo {spellvamp, MP+6 Int+6}
   420 | D:1      | Reached XP level 2. HP: 20/20 MP: 5/5
   756 | D:1      | Found a faded altar of an unknown god.
  1165 | D:2      | Reached XP level 3. HP: 26/26 MP: 6/6
  1526 | D:2      | Found a broken altar of Ashenzari.
  1538 | D:2      | Became a worshipper of Ashenzari the Shackled
  1816 | D:3      | Reached skill level 1 in Staves
  1816 | D:3      | Reached skill level 5 in Conjurations
  1816 | D:3      | Reached XP level 4. HP: 17/33 MP: 7/7
  1912 | D:3      | Found a sacrificial altar of Ru.
  2053 | D:3      | Noticed a water moccasin
  2061 | D:3      | Killed a water moccasin
  2062 | D:3      | Reached XP level 5. HP: 15/39 MP: 8/8
  2121 | D:3      | Reached XP level 6. HP: 37/46 MP: 0/9
  2132 | D:3      | Reached skill level 1 in Fighting
  2217 | D:3      | Noticed Terence
  2227 | D:3      | Killed Terence
  2584 | D:3      | Acquired the +2 hat of Kleptomania {Rampage rC++ Str+5}
  3225 | D:5      | Entered Level 5 of the Dungeon
  3237 | D:5      | Your scales start taking on an icy white colour.
  3237 | D:5      | Reached XP level 7. HP: 53/53 MP: 4/11
  3237 | D:5      | Gained mutation: Your flesh is cold resistant. (rC+) [White
                  | Draconian growth]
  3585 | D:5      | Reached skill level 6 in Conjurations
  3615 | D:5      | Found a large runed translucent door.
  3625 | D:5      | Slain by an ogre

Illustrated notes

Levels and vault maps discovered:
D:1:      dpeg_chamrin_arrival_tetris, layout_loops_corners,
          hellmonk_ecumenical_altar_leap_of_faith
D:2:      layout_basic, basic_altar
D:3:      layout_loops_corners, nicolae_overflow_crystal_walls,
          grunt_ministairs_13, uniq_terence
D:4:      layout_cave_pools
D:5:      due_chaos_kobolds, layout_basic, temple_green

Skill      XL: |  1  2  3  4  5  6  7 |
---------------+----------------------+-----
Stealth        | 2 3 |  3.4
Staves         | 1 2 3 |  3.3
Conjurations   | 5 6 |  6.0
Dodging        | 2 |  2.7
Fighting       | 1 |  1.9
Spellcasting   | 3 |  3.5
Unarmed Combat | |  0.4

Action                     |  1- 3 |  4- 6 |  7- 9 || total
---------------------------+-------+-------+-------++-------
  Melee: Bo                |    18 |    26 |     6 ||    50
         Unarmed           |     7 |       |       ||     7
         Tailslap          |     1 |       |       ||     1
   Cast: Magic Dart        |    36 |   105 |    31 ||   172
    Use: Scroll            |     3 |     3 |     3 ||     9
         Potion            |       |     1 |     1 ||     2
   Stab: Sleeping          |     1 |     1 |     1 ||     3
 Armour: Skin              |     7 |    21 |     8 ||    36
  Dodge: Dodged            |    11 |    20 |     7 ||    38

Table legend: (Time is in decaauts)
 A = Elapsed time spent in this place.
 B = Non-inter-level travel time spent in this place.
 C = Inter-level travel time spent in this place.
 D = Time resting spent in this place.
 E = Time spent auto-exploring this place.
 F = Levels seen in this place.
 G = Mean time per level.
                   A        B        C        D        E       F      G
               +--------+--------+--------+--------+--------+-----+--------+
         Total |   3629 |    540 |   3089 |      4 |      0 |   5 |  725.8 |
       Dungeon |   3629 |    540 |   3089 |      4 |      0 |   5 |  725.8 |
               +--------+--------+--------+--------+--------+-----+--------+

Top non-repeatable levels by time:
     D:3: 1002 daAuts
     D:1: 928 daAuts
     D:2: 861 daAuts
     D:4: 437 daAuts
     D:5: 400 daAuts
